cohdb
Replays
Latest Replays
All Replays
Popular Replays
Top Player Replays
Match Explorer
How It Works
Community
CoH3 Stats
Reddit
Sign in to upload your games and track your stats! →
Sign in with Steam
Match 45261808
Unlisted
Match 45261808
Overview
Messages
Build Orders
End
Selects Heavy Weapons
Construct Weapon Support Center
Engineer Squad
M1919 Machine Gun Team
M1919 Machine Gun Team
Bazooka Squad
Construct Medical Station
Mechanized Support Center
Selects M2HB .50cal Heavy Machine Gun
Selects Assault Carriers
M3 Assault Carrier
Engineer Squad
Bazooka Squad
Bazooka Squad
Improved M9 Bazooka Rockets
Clipper__________
Tarsi0
Samaniego
pechoporro
anioki
Urby001
Ironic
AliReZaHBk
0
0
Comments
sign in to comment!
No comments posted yet!